[Event "Portugal Honour 2021"]
[Site "Fatima"]
[Date "2021.04.06"]
[Round "1.6"]
[White "Santos, Julio"]
[Black "Goncalves, Carlos"]
[Result "0-1"]
[ECO "B12"]
[WhiteElo "1884"]
[BlackElo "1600"]
[Annotator "NA"]
[PlyCount "90"]
[EventDate "2021.04.06"]
[EventType "tourn"]
[EventCountry "POR"]
[SourceTitle "playchess.com"]
[Source "ChessBase"]
[SourceQuality "1"]
[TimeControl "5400+30"]

1. e4 c6 2. d4 d5 3. e5 c5 4. Bb5+ Bd7 5. Bxd7+ Nxd7 6. Ne2 e6 7. O-O cxd4 8. Qxd4 Bc5 9. Qa4 Ne7 10. Kh1 Ng6 11. f4 O-O 12. Nd4 a6 13. c3 Rc8 14. Nd2 Ba7 15. N2f3 Nc5 16. Qd1 Ne4 17. Qe1 Ne7 18. Be3 Bb8 19. g4 Qd7 20. g5 Nc6 21. Rg1 Ba7 22. Qh4 Nxd4 23. Bxd4 Bxd4 24. Nxd4 Qe7 25. Rae1 g6 26. Qh6 Qc5 27. Re3 Nf2+ 28. Kg2 Ng4 29. Qh3 Nxe3+ 30. Qxe3 Qc4 31. a3 Qa2 32. Qf2 Rc7 33. Re1 Rfc8 34. Kf3 Qc4 35. Re3 Qa4 36. Rd3 Qe8 37. Qh4 Qf8 38. Kf2 Rc4 39. Nc2 Qc5+ 40. Kg2 Re4 41. Nd4 Qf8 42. Rd2 Rc4 43. Qf2 Qc5 44. h4 Qf8 45. Kf3 h6 0-1

[Event "Portugal Honour 2021"]
[Site "Fatima"]
[Date "2021.04.06"]
[Round "1.7"]
[White "Morais, Vitor"]
[Black "Barrento, Jorge"]
[Result "1-0"]
[ECO "A05"]
[WhiteElo "1904"]
[BlackElo "1724"]
[Annotator "NA"]
[PlyCount "93"]
[EventDate "2021.04.06"]
[EventType "tourn"]
[EventCountry "POR"]
[SourceTitle "playchess.com"]
[Source "ChessBase"]
[SourceQuality "1"]
[TimeControl "5400+30"]

1. Nf3 Nf6 2. g3 d5 3. Bg2 g6 4. c4 c6 5. cxd5 cxd5 6. O-O Bg7 7. Nc3 O-O 8. d3 Nc6 9. Bg5 h6 10. Bd2 Ne8 11. Rc1 Nc7 12. a3 d4 13. Na4 e5 14. Nc5 Ne6 15. b4 a6 16. Qb3 Qe7 17. Rc2 Nxc5 18. Rxc5 Be6 19. Qb1 Qd7 20. Rfc1 f5 21. Be1 g5 22. a4 g4 23. b5 axb5 24. axb5 gxf3 25. bxc6 bxc6 26. Bxf3 Rab8 27. Bxc6 Qf7 28. Rb5 Rxb5 29. Qxb5 f4 30. Bf3 fxg3 31. hxg3 h5 32. Rc6 Kh8 33. Qb6 Re8 34. Rc7 Qg6 35. Qb7 Bf6 36. Be4 Bf5 37. Bxf5 Qxf5 38. Qe4 Qxe4 39. dxe4 Re7 40. Rxe7 Bxe7 41. f4 Kg7 42. Kg2 exf4 43. gxf4 Kg6 44. Kf3 Bc5 45. Bh4 Bb6 46. f5+ Kf7 47. e5 1-0

[Event "Portugal Honour 2021"]
[Site "Fatima"]
[Date "2021.04.06"]
[Round "1.8"]
[White "Basilio, Rodrigo"]
[Black "Lavrador, Rodolfo"]
[Result "1-0"]
[ECO "C09"]
[WhiteElo "1849"]
[BlackElo "1815"]
[Annotator "NA"]
[PlyCount "77"]
[EventDate "2021.04.06"]
[EventType "tourn"]
[EventCountry "POR"]
[SourceTitle "playchess.com"]
[Source "ChessBase"]
[SourceQuality "1"]
[TimeControl "5400+30"]

1. e4 e6 2. d4 d5 3. Nd2 c5 4. Ngf3 Nc6 5. exd5 exd5 6. Bb5 Nf6 7. O-O Be7 8. dxc5 O-O 9. Bxc6 bxc6 10. b4 a5 11. c3 Bg4 12. Qc2 Re8 13. Nd4 Qc7 14. N2b3 axb4 15. cxb4 Bd7 16. f3 Reb8 17. Re1 Bd8 18. Bd2 h6 19. a4 Nh7 20. Qd3 Nf8 21. b5 cxb5 22. axb5 Rxa1 23. Rxa1 Bf6 24. c6 Be8 25. Ba5 Qc8 26. c7 Rb7 27. b6 Nd7 28. Qa6 Bxd4+ 29. Nxd4 Nc5 30. Qe2 Ne6 31. Nf5 Qd7 32. Ne7+ Qxe7 33. c8=Q Kh7 34. Qd3+ g6 35. Qxd5 Rd7 36. Qe4 Rd4 37. Qe3 Bd7 38. Qc7 Qf6 39. Bc3 1-0

[Event "Portugal Honour 2021"]
[Site "Fatima"]
[Date "2021.04.06"]
[Round "1.9"]
[White "Pina, Tiago"]
[Black "Santos, Ruben"]
[Result "0-1"]
[ECO "B12"]
[WhiteElo "1843"]
[BlackElo "1759"]
[Annotator "NA"]
[PlyCount "94"]
[EventDate "2021.04.06"]
[EventType "tourn"]
[EventCountry "POR"]
[SourceTitle "playchess.com"]
[Source "ChessBase"]
[SourceQuality "1"]
[TimeControl "5400+30"]

1. e4 c6 2. d4 d5 3. e5 c5 4. dxc5 Nc6 5. Nf3 Bg4 6. Bf4 e6 7. Bd3 Bxc5 8. O-O Nge7 9. h3 Bh5 10. c3 Ng6 11. Bxg6 Bxg6 12. Nbd2 O-O 13. Nb3 Bb6 14. Re1 Qc7 15. Be3 Be4 16. Bxb6 axb6 17. Nfd4 Nxe5 18. f3 Bg6 19. Nb5 Qb8 20. Qd4 Nc4 21. Re2 Qd8 22. f4 Ra6 23. Qd1 Qh4 24. Rf2 Be4 25. Qe2 f5 26. N3d4 Rf6 27. b3 e5 28. bxc4 exd4 29. cxd4 Rg6 30. Rf3 h6 31. Nc7 Ra5 32. Nxd5 Kh7 33. Raf1 Bxf3 34. Rxf3 Qd8 35. Re3 b5 36. Re8 Rxa2 37. Rh8+ Kxh8 38. Qxa2 bxc4 39. Qxc4 Rc6 40. Qb5 Rd6 41. Ne3 Rxd4 42. Nxf5 Rd5 43. Qxb7 Rxf5 44. Qe4 Rd5 45. Kh2 Rd2 46. Qg6 Rd4 47. f5 Qd6+ 0-1

[Event "Portugal Honour 2021"]
[Site "Fatima"]
[Date "2021.04.06"]
[Round "1.10"]
[White "Sarabando, Rodrigo"]
[Black "Bartolo, Filipe"]
[Result "1-0"]
[ECO "E91"]
[WhiteElo "1682"]
[BlackElo "1876"]
[Annotator "NA"]
[PlyCount "95"]
[EventDate "2021.04.06"]
[EventType "tourn"]
[EventCountry "POR"]
[SourceTitle "playchess.com"]
[Source "ChessBase"]
[SourceQuality "1"]
[TimeControl "5400+30"]

1. d4 Nf6 2. c4 g6 3. Nc3 Bg7 4. e4 d6 5. Nf3 O-O 6. Be2 Nbd7 7. O-O e5 8. d5 Nc5 9. Qc2 a5 10. b3 Ne8 11. Be3 f5 12. a3 f4 13. Bxc5 dxc5 14. b4 axb4 15. axb4 Rxa1 16. Rxa1 cxb4 17. Na4 g5 18. h3 h5 19. Nh2 g4 20. hxg4 hxg4 21. Bxg4 Bxg4 22. Nxg4 f3 23. gxf3 Rxf3 24. Qe2 Rh3 25. Qf1 Qh4 26. Qg2 Ra3 27. Rxa3 bxa3 28. f3 Kf7 29. Kf1 Qg5 30. Qc2 Qf4 31. Ke2 Nd6 32. Nc5 b5 33. Ne6 Qg3 34. Qb3 Nxe4 35. Qxa3 bxc4 36. Qa5 Qg2+ 37. Ke3 Qg1+ 38. Kxe4 Qb1+ 39. Ke3 Qg1+ 40. Ke2 Qg2+ 41. Nf2 e4 42. Qxc7+ Kg8 43. Qxg7+ Qxg7 44. Nxg7 exf3+ 45. Kxf3 Kxg7 46. Nd1 Kf6 47. Ke4 Ke7 48. Kd4 1-0

[Event "Portugal Honour 2021"]
[Site "Fatima"]
[Date "2021.04.07"]
[Round "2.6"]
[White "Goncalves, Carlos"]
[Black "Bartolo, Filipe"]
[Result "0-1"]
[ECO "A05"]
[WhiteElo "1600"]
[BlackElo "1876"]
[Annotator "NA RC"]
[PlyCount "62"]
[EventDate "2021.04.06"]
[EventType "tourn"]
[EventCountry "POR"]
[SourceTitle "playchess.com"]
[Source "ChessBase"]
[SourceQuality "1"]
[TimeControl "5400+30"]

1. Nf3 Nf6 2. g3 g6 3. Bg2 Bg7 4. O-O O-O 5. d3 d6 6. c3 e5 7. Nbd2 c5 8. a4 Nc6 9. e4 Ne8 10. Re1 f5 11. exf5 gxf5 12. Nf1 Nc7 13. Ng5 h6 14. Nf3 Qf6 15. h3 Be6 16. a5 d5 17. d4 cxd4 18. cxd4 e4 19. Ne5 Nb5 20. Nxc6 bxc6 21. Be3 Nxd4 22. Bxd4 Qxd4 23. Qxd4 Bxd4 24. Rac1 c5 25. Rc2 Rab8 26. Rb1 Rb5 27. Nd2 Rfb8 28. a6 c4 29. Bf1 Rxb2 30. Rcxb2 Rxb2 31. Rxb2 Bxb2 0-1

[Event "Portugal Honour 2021"]
[Site "Fatima"]
[Date "2021.04.07"]
[Round "2.7"]
[White "Santos, Ruben"]
[Black "Sarabando, Rodrigo"]
[Result "1-0"]
[ECO "E87"]
[WhiteElo "1759"]
[BlackElo "1682"]
[Annotator "NA RC"]
[PlyCount "117"]
[EventDate "2021.04.06"]
[EventType "tourn"]
[EventCountry "POR"]
[SourceTitle "playchess.com"]
[Source "ChessBase"]
[SourceQuality "1"]
[TimeControl "5400+30"]

1. d4 Nf6 2. c4 g6 3. Nc3 Bg7 4. e4 d6 5. f3 O-O 6. Be3 e5 7. d5 a5 8. a3 Nfd7 9. b4 axb4 10. axb4 Rxa1 11. Qxa1 Na6 12. Qa3 f5 13. c5 dxc5 14. bxc5 Re8 15. Bc4 Bf8 16. Na4 fxe4 17. g3 Nf6 18. fxe4 Nxe4 19. Ne2 Kh8 20. Nec3 Bf5 21. O-O h5 22. Nxe4 Bxe4 23. Nc3 Bf5 24. Bb5 Bd7 25. Bxa6 bxa6 26. Qxa6 Bf5 27. Qe2 Bg7 28. Rxf5 gxf5 29. Qxh5+ Kg8 30. Qxf5 Qa8 31. Qc2 Qa1+ 32. Kg2 Rf8 33. Bf2 e4 34. Nxe4 Bd4 35. d6 Bxf2 36. Nxf2 Rf7 37. dxc7 Rxc7 38. Qc4+ Kf8 39. c6 Qg7 40. Qf4+ Ke8 41. Nd3 Rxc6 42. Qe4+ Kd8 43. Qxc6 Qd4 44. Nf2 Qd2 45. Qf6+ Ke8 46. Qe5+ Kd8 47. h4 Kd7 48. h5 Qc2 49. g4 Kd8 50. h6 Qc6+ 51. Ne4 Qc2+ 52. Kg3 Qd3+ 53. Kh4 Qb1 54. Nf6 Qh1+ 55. Kg5 Qc1+ 56. Kg6 Qb1+ 57. Ne4 Qa2 58. Qf6+ Kc8 59. Qf8+ 1-0

[Event "Portugal Honour 2021"]
[Site "Fatima"]
[Date "2021.04.07"]
[Round "2.8"]
[White "Lavrador, Rodolfo"]
[Black "Pina, Tiago"]
[Result "0-1"]
[ECO "B21"]
[WhiteElo "1815"]
[BlackElo "1843"]
[Annotator "NA RC"]
[PlyCount "58"]
[EventDate "2021.04.06"]
[EventType "tourn"]
[EventCountry "POR"]
[SourceTitle "playchess.com"]
[Source "ChessBase"]
[SourceQuality "1"]
[TimeControl "5400+30"]

1. e4 c5 2. d4 cxd4 3. c3 Nf6 4. e5 Nd5 5. cxd4 Nc6 6. Bc4 Nb6 7. Bb3 d6 8. Nf3 dxe5 9. dxe5 Qxd1+ 10. Bxd1 g6 11. O-O Bg7 12. Bf4 O-O 13. Nc3 Nc4 14. Re1 Bg4 15. h3 Bxf3 16. Bxf3 N4xe5 17. Bxe5 Nxe5 18. Bxb7 Rab8 19. Bd5 Rxb2 20. Rad1 e6 21. Bb3 Nf3+ 22. gxf3 Bxc3 23. Re3 Ba5 24. Kf1 Bb6 25. Re2 Rxe2 26. Kxe2 Rc8 27. Rd2 Rc1 28. f4 Rc3 29. f3 Re3+ 0-1

[Event "Portugal Honour 2021"]
[Site "Fatima"]
[Date "2021.04.07"]
[Round "2.9"]
[White "Barrento, Jorge"]
[Black "Basilio, Rodrigo"]
[Result "0-1"]
[ECO "A48"]
[WhiteElo "1724"]
[BlackElo "1849"]
[Annotator "NA RC"]
[PlyCount "164"]
[EventDate "2021.04.06"]
[EventType "tourn"]
[EventCountry "POR"]
[SourceTitle "playchess.com"]
[Source "ChessBase"]
[SourceQuality "1"]
[TimeControl "5400+30"]

1. d4 Nf6 2. Nf3 g6 3. Bg5 Ne4 4. Bf4 Bg7 5. Nbd2 d5 6. e3 c5 7. c3 O-O 8. Bd3 Bf5 9. Qc2 cxd4 10. exd4 Nxd2 11. Qxd2 Bxd3 12. Qxd3 Nc6 13. O-O Na5 14. Rfe1 e6 15. Be5 Nc4 16. Bxg7 Kxg7 17. Qe2 b5 18. Ne5 Rc8 19. Nd3 Qf6 20. Nc5 Rfd8 21. b3 Nd6 22. a4 b4 23. cxb4 Qxd4 24. Qe5+ Qxe5 25. Rxe5 a5 26. Ree1 axb4 27. Rac1 d4 28. Kf1 Nf5 29. Nd3 Rc3 30. Nxb4 Rxb3 31. Nc6 Ra8 32. a5 d3 33. Red1 Ra6 34. Ne5 Rxa5 35. Rxd3 Rxd3 36. Nxd3 Ra2 37. Ne5 Kf6 38. Nd7+ Kg5 39. Ne5 Nd6 40. g3 Kf5 41. Nc4 Ne4 42. Ne3+ Kf6 43. Rc2 Ra1+ 44. Kg2 g5 45. Ng4+ Kg7 46. Ne3 h5 47. h3 f5 48. f3 Nf6 49. Rc6 f4 50. gxf4 gxf4 51. Nc4 Rc1 52. Ne5 Rxc6 53. Nxc6 Nd5 54. Ne5 Ne3+ 55. Kf2 Kf6 56. Nd7+ Kg5 57. Kg1 Kf5 58. Nc5 Nd5 59. Ne4 Nf6 60. Nd6+ Ke5 61. Nf7+ Kd4 62. Kf2 Nh7 63. Ke2 Nf8 64. Nd8 Ke5 65. Kf2 Nh7 66. Kg2 Ng5 67. Nc6+ Kd6 68. Nd4 Kd5 69. Ne2 e5 70. Ng1 Kd4 71. h4 Nf7 72. Nh3 Nh8 73. Ng5 Ke3 74. Ne4 Ng6 75. Nf6 Nxh4+ 76. Kh3 Nxf3 77. Nxh5 Ne1 78. Kg4 f3 79. Ng3 e4 80. Kf5 f2 81. Nf1+ Ke2 82. Nh2 Nf3 0-1

[Event "Portugal Honour 2021"]
[Site "Fatima"]
[Date "2021.04.07"]
[Round "2.10"]
[White "Santos, Julio"]
[Black "Morais, Vitor"]
[Result "1/2-1/2"]
[ECO "B13"]
[WhiteElo "1884"]
[BlackElo "1904"]
[Annotator "RC"]
[PlyCount "32"]
[EventDate "2021.04.06"]
[EventType "tourn"]
[EventCountry "POR"]
[SourceTitle "playchess.com"]
[Source "ChessBase"]
[SourceQuality "1"]
[TimeControl "5400+30"]

1. d4 c6 2. e4 d5 3. exd5 cxd5 4. Bb5+ Bd7 5. Qe2 Bxb5 6. Qxb5+ Qd7 7. Qxd7+ Nxd7 8. Nf3 e6 9. O-O Bd6 10. Re1 Ne7 11. Bg5 Ng6 12. g3 h6 13. Be3 O-O 14. Nbd2 Rac8 15. Rac1 b5 16. c3 Nb6 1/2-1/2

[Event "Portugal Honour 2021"]
[Site "Fatima"]
[Date "2021.04.08"]
[Round "3.6"]
[White "Morais, Vitor"]
[Black "Goncalves, Carlos"]
[Result "1-0"]
[ECO "B10"]
[WhiteElo "1904"]
[BlackElo "1600"]
[Annotator "NA"]
[PlyCount "83"]
[EventDate "2021.04.06"]
[EventType "tourn"]
[EventCountry "POR"]
[SourceTitle "playchess.com"]
[Source "ChessBase"]
[SourceQuality "1"]
[TimeControl "5400+30"]

1. e4 c6 2. c4 e5 3. Nc3 Nf6 4. Nf3 d6 5. d4 Nbd7 6. h3 h6 7. Be3 Be7 8. Be2 O-O 9. O-O Qc7 10. Rc1 Re8 11. Nd2 Nf8 12. f4 exd4 13. Bxd4 Ne6 14. Be3 Bf8 15. Bd3 Nc5 16. Bb1 a5 17. Kh1 Bd7 18. Bxc5 dxc5 19. e5 Nh7 20. Nde4 Rad8 21. Qh5 g6 22. Qh4 Bf5 23. g4 Bxe4+ 24. Nxe4 Qe7 25. Qg3 Bg7 26. Rce1 Rd4 27. b3 Red8 28. Nd6 R8xd6 29. exd6 Qxd6 30. Re2 Rd2 31. Qe3 Rxe2 32. Qxe2 Bd4 33. Qe4 Qd7 34. f5 Ng5 35. Qd3 b5 36. fxg6 f6 37. Rf5 Qe6 38. Kg2 Qe1 39. Rf1 Qh4 40. Qg3 Qxg3+ 41. Kxg3 Ne4+ 42. Bxe4 1-0

[Event "Portugal Honour 2021"]
[Site "Fatima"]
[Date "2021.04.08"]
[Round "3.7"]
[White "Basilio, Rodrigo"]
[Black "Santos, Julio"]
[Result "1-0"]
[ECO "C50"]
[WhiteElo "1849"]
[BlackElo "1884"]
[Annotator "NA"]
[PlyCount "101"]
[EventDate "2021.04.06"]
[EventType "tourn"]
[EventCountry "POR"]
[SourceTitle "playchess.com"]
[Source "ChessBase"]
[SourceQuality "1"]
[TimeControl "5400+30"]

1. e4 e5 2. Nf3 Nc6 3. Bc4 Bc5 4. d3 d6 5. c3 Nf6 6. Nbd2 O-O 7. O-O Na5 8. Bxf7+ Rxf7 9. b4 Bb6 10. bxa5 Bxa5 11. Ng5 Rf8 ({Don't go for} 11... Bxc3 $2 12. Nxf7 Qe7 {[#]} 13. Nxd6 $1 $18 (13. Nh6+ Kh8 $16)) 12. Nc4 $16 h6 13. Nxa5 hxg5 14. Qb3+ Kh7 15. Bxg5 Qe8 16. Qd1 Qg6 17. Qd2 b6 18. Nb3 Bb7 19. f4 Nh5 20. f5 Qe8 21. g4 Nf6 22. Bxf6 gxf6 23. Rf3 Rg8 24. Rh3+ Kg7 25. Kf2 Rh8 26. Qe3 Qc6 27. c4 Rxh3 28. Qxh3 Rh8 29. Qg3 Qe8 30. Rg1 Qg8 31. h4 Qh7 32. Rh1 Qh6 33. Rh2 a5 34. Kg1 Kf7 35. Nd2 Ba6 36. g5 Qh5 37. Nf3 Rg8 38. Rg2 b5 39. Qf2 bxc4 40. g6+ Kf8 41. Qa7 Rg7 42. Qb8+ Ke7 43. Qxc7+ Ke8 44. Qxg7 Qxf3 45. Qh6 cxd3 46. g7 Bc4 47. g8=Q+ Bxg8 48. Rxg8+ Kd7 49. Qg7+ Kc6 50. Rc8+ Kb5 51. Qb7+ 1-0

[Event "Portugal Honour 2021"]
[Site "Fatima"]
[Date "2021.04.08"]
[Round "3.8"]
[White "Pina, Tiago"]
[Black "Barrento, Jorge"]
[Result "1-0"]
[ECO "B04"]
[WhiteElo "1843"]
[BlackElo "1724"]
[Annotator "NA RC"]
[PlyCount "29"]
[EventDate "2021.04.06"]
[EventType "tourn"]
[EventCountry "POR"]
[SourceTitle "playchess.com"]
[Source "ChessBase"]
[SourceQuality "1"]
[TimeControl "5400+30"]

1. e4 Nf6 2. e5 Nd5 3. d4 d6 4. Nf3 dxe5 5. Nxe5 c6 6. Be2 g6 7. O-O Bg7 8. c4 Nb6 9. f4 O-O 10. Nc3 Na6 11. Be3 Nc7 12. Qd2 Ne8 13. Rad1 Nd6 (13... f6 $16) 14. c5 $18 {[%emt 0:02:23] Double Attack} Bxe5 15. dxe5 {[%emt 0:00:35] Pin} 1-0

[Event "Portugal Honour 2021"]
[Site "Fatima"]
[Date "2021.04.08"]
[Round "3.9"]
[White "Sarabando, Rodrigo"]
[Black "Lavrador, Rodolfo"]
[Result "1/2-1/2"]
[ECO "E00"]
[WhiteElo "1682"]
[BlackElo "1815"]
[Annotator "NA"]
[PlyCount "113"]
[EventDate "2021.04.06"]
[EventType "tourn"]
[EventCountry "POR"]
[SourceTitle "playchess.com"]
[Source "ChessBase"]
[SourceQuality "1"]
[TimeControl "5400+30"]

1. d4 e6 2. c4 Bb4+ 3. Bd2 Qe7 4. g3 f5 5. Bg2 Nf6 6. Nf3 O-O 7. O-O Bxd2 8. Qxd2 Ne4 9. Qc2 d6 10. Nc3 Nxc3 11. Qxc3 Nd7 12. Rfe1 Nf6 13. Nd2 Rb8 $16 14. a4 Bd7 15. e4 fxe4 16. Nxe4 Qe8 17. Ng5 Qh5 18. h4 Rbe8 19. Bh3 e5 20. dxe5 dxe5 21. Bxd7 Nxd7 22. Qd3 Nf6 23. Ra3 h6 24. Ne4 Kh8 25. Qc2 Qf5 26. Rae3 g5 27. hxg5 hxg5 28. Qe2 Ng4 29. Rb3 b6 30. f3 Nh6 31. g4 Qg6 32. Rd1 Re7 33. Rd5 Nf7 34. Rbd3 Kg7 35. Rd7 Qe6 36. Rxe7 Qxe7 37. Ng3 Qc5+ 38. Re3 Rd8 39. Kg2 Qb4 40. Rd3 Rxd3 41. Qxd3 Qxb2+ 42. Kh3 Kf8 43. Qd5 Qb1 44. Qa8+ Kg7 45. Nh5+ Kh7 46. Ng3 Qd3 47. Qc6 Qd6 48. Qe8 Qf6 49. Nf5 Nd6 50. Qc6 Qf7 51. Nxd6 cxd6 52. Kg2 Qe7 53. Qe4+ Kg7 54. Qf5 a5 55. Qe4 Qd7 56. Qe3 Qd8 57. Qe4 1/2-1/2

[Event "Portugal Honour 2021"]
[Site "Fatima"]
[Date "2021.04.08"]
[Round "3.10"]
[White "Bartolo, Filipe"]
[Black "Santos, Ruben"]
[Result "1-0"]
[ECO "C03"]
[WhiteElo "1876"]
[BlackElo "1759"]
[Annotator "NA"]
[PlyCount "101"]
[EventDate "2021.04.06"]
[EventType "tourn"]
[EventCountry "POR"]
[SourceTitle "playchess.com"]
[Source "ChessBase"]
[SourceQuality "1"]
[TimeControl "5400+30"]

1. e4 e6 2. d4 d5 3. Nd2 dxe4 4. Nxe4 b6 5. Nf3 Bb7 6. Bb5+ Nd7 7. Ne5 Bc8 $2 (7... c6) 8. Qf3 f5 $18 9. Ng5 c6 10. Qxc6 Rb8 11. Nxd7 Bb4+ 12. c3 Bxd7 13. Qxe6+ Qe7 14. Bxd7+ Kf8 15. cxb4 h6 16. O-O hxg5 17. Qxe7+ Nxe7 18. Bxg5 Rh5 19. Bxe7+ Kxe7 20. Ba4 Rbh8 21. h3 g5 22. Rfe1+ Kf6 23. Re3 g4 24. Rc1 R5h7 25. Re8 Rxe8 26. Bxe8 Re7 27. Bb5 Re4 28. Rd1 Ke7 29. hxg4 fxg4 30. f3 gxf3 31. gxf3 Rh4 32. Kg2 Kd6 33. a3 Rh5 34. Ba4 Rg5+ 35. Kf2 Rh5 36. Ke3 Rh2 37. Rd2 Rh1 38. Rg2 Re1+ 39. Kd3 Rf1 40. Rg6+ Kc7 41. Ke4 Rf2 42. Rc6+ Kb7 43. Rc2 Rf1 44. b5 a5 45. bxa6+ Ka7 46. Bb5 Re1+ 47. Re2 Rc1 48. Kd5 Rc7 49. Kd6 Kb8 50. Re8+ Ka7 51. Bc6 1-0

[Event "Portugal Honour 2021"]
[Site "Fatima"]
[Date "2021.04.08"]
[Round "4.6"]
[White "Goncalves, Carlos"]
[Black "Santos, Ruben"]
[Result "1-0"]
[ECO "A05"]
[WhiteElo "1600"]
[BlackElo "1759"]
[Annotator "NA RC"]
[PlyCount "69"]
[EventDate "2021.04.06"]
[EventType "tourn"]
[EventCountry "POR"]
[SourceTitle "playchess.com"]
[Source "ChessBase"]
[SourceQuality "1"]
[TimeControl "5400+30"]

1. Nf3 Nf6 2. g3 g6 3. Bg2 Bg7 4. O-O O-O 5. d4 d5 6. Nbd2 Bf5 7. h3 Qc8 8. Kh2 c5 9. c3 h5 10. Nh4 Bd7 11. dxc5 Qxc5 12. Nb3 Qc8 13. Bxd5 Nxd5 14. Qxd5 Bxh3 15. Nxg6 Nc6 16. Nxf8 Bxf1 17. Qxh5 Bxf8 18. Be3 Bxe2 19. Qxe2 Ne5 20. Bd4 Ng4+ 21. Kg2 f6 22. Rh1 Nh6 23. Be3 Nf5 24. Bc1 Bg7 25. Qh5 Qe6 26. Qf3 Nd6 27. Nc5 Qxa2 28. Nxb7 Nxb7 29. Qxb7 Re8 30. Qe4 e5 31. Qg6 Re7 32. Rd1 Qa5 33. Bh6 Qb6 34. Bxg7 f5 35. Bf6+ 1-0

[Event "Portugal Honour 2021"]
[Site "Fatima"]
[Date "2021.04.08"]
[Round "4.7"]
[White "Lavrador, Rodolfo"]
[Black "Bartolo, Filipe"]
[Result "0-1"]
[ECO "B21"]
[WhiteElo "1815"]
[BlackElo "1876"]
[Annotator "NA RC"]
[PlyCount "96"]
[EventDate "2021.04.06"]
[EventType "tourn"]
[EventCountry "POR"]
[SourceTitle "playchess.com"]
[Source "ChessBase"]
[SourceQuality "1"]
[TimeControl "5400+30"]

1. e4 c5 2. d4 cxd4 3. c3 dxc3 4. Nxc3 Nc6 5. Nf3 d6 6. Bc4 e6 7. O-O Nf6 8. Qe2 a6 9. Rd1 Qc7 10. Bg5 Be7 11. Rac1 Qb8 12. Bd3 O-O 13. Bb1 Ne5 14. Nxe5 dxe5 15. a3 b5 16. h3 Bb7 17. Bxf6 Bxf6 18. Qg4 Rd8 19. Ne2 Rxd1+ 20. Rxd1 Qc7 21. Ng3 Rd8 22. Re1 Qe7 23. Kh2 g6 24. Nf1 Qc5 25. Qe2 Bg5 26. g3 Qd4 27. h4 Bh6 28. Kh3 Rd6 29. h5 (29. Nh2 $17) 29... Qb6 30. hxg6 hxg6 31. f3 Kg7 32. b4 Qd8 33. Bc2 Bc8 34. Rd1 Rxd1 35. Qxd1 Qxd1 36. Bxd1 Bd7 37. Be2 Bc1 38. a4 $19 bxa4 39. Bxa6 a3 40. Bc4 Bb5 41. Ba2 Bxf1+ 42. Kg4 Bd2 43. f4 exf4 44. gxf4 Bd3 45. Kf3 Kf6 46. e5+ Ke7 47. Bb3 Bxb4 48. Ke3 Bb1 0-1

[Event "Portugal Honour 2021"]
[Site "Fatima"]
[Date "2021.04.08"]
[Round "4.8"]
[White "Barrento, Jorge"]
[Black "Sarabando, Rodrigo"]
[Result "1-0"]
[ECO "A48"]
[WhiteElo "1724"]
[BlackElo "1682"]
[Annotator "NA RC"]
[PlyCount "131"]
[EventDate "2021.04.06"]
[EventType "tourn"]
[EventCountry "POR"]
[SourceTitle "playchess.com"]
[Source "ChessBase"]
[SourceQuality "1"]
[TimeControl "5400+30"]

1. d4 Nf6 2. Nf3 g6 3. Bg5 Bg7 4. Nbd2 d5 5. e3 O-O 6. Bd3 c5 7. c3 Nc6 8. O-O Re8 9. Ne5 Nxe5 10. dxe5 Ng4 11. Nf3 Nxe5 12. Nxe5 Bxe5 13. f4 Bg7 14. f5 Qb6 15. fxg6 hxg6 16. Qf3 Be6 17. Bc2 Qxb2 18. Ba4 Qxc3 19. Bxe8 Rxe8 20. Rac1 Qa5 21. Bf4 c4 22. Qg3 Bf5 23. Be5 f6 24. Bc3 Qd8 25. Rf4 Qd7 26. Rd1 Bd3 27. Rxd3 cxd3 28. Qxg6 Qe6 29. Qxe8+ Bf8 30. Qg6+ Bg7 31. Qxd3 Qc6 32. Rg4 Qc5 33. Bd4 Qc1+ 34. Qf1 Qc8 35. Rg3 Qc6 36. h3 e5 37. Bxa7 Qe6 38. Qb1 f5 39. Qxb7 Qf6 40. Qxd5+ Kh7 41. Qd7 f4 42. Qxg7+ Qxg7 43. Rxg7+ Kxg7 44. exf4 exf4 45. a4 Kf6 46. a5 Ke6 47. h4 Kd6 48. Bb8+ Ke6 49. Bxf4 Kd7 50. h5 Ke6 51. a6 Kd7 52. a7 Ke6 53. a8=B Kd7 54. Be4 Ke6 55. Kf2 Kf6 56. g4 Ke6 57. h6 Kf6 58. h7 Ke6 59. Ke3 Kf6 60. Kd4 Ke6 61. Be5 Ke7 62. Bd5 Kd7 63. h8=Q Ke7 64. Qg7+ Ke8 65. Bc6+ Kd8 66. Qf8# 1-0

[Event "Portugal Honour 2021"]
[Site "Fatima"]
[Date "2021.04.08"]
[Round "4.9"]
[White "Santos, Julio"]
[Black "Pina, Tiago"]
[Result "0-1"]
[ECO "B32"]
[WhiteElo "1884"]
[BlackElo "1843"]
[Annotator "NA RC"]
[PlyCount "73"]
[EventDate "2021.04.06"]
[EventType "tourn"]
[EventCountry "POR"]
[SourceTitle "playchess.com"]
[Source "ChessBase"]
[SourceQuality "1"]
[TimeControl "5400+30"]

1. e4 c5 2. Nf3 Nc6 3. d4 cxd4 4. Nxd4 e5 5. Nb3 Nf6 6. N1d2 d5 7. exd5 Nxd5 8. Be2 Be7 9. O-O O-O 10. Re1 Be6 11. Bb5 Qc7 12. Bxc6 bxc6 13. Nc4 f6 14. Qe2 Bf7 15. Ne3 Nf4 16. Qf3 g6 17. g3 {[%emt 0:02:23] [#]} Nh3+ $1 18. Kh1 Ng5 19. Qe2 f5 20. h4 Ne4 21. Nd2 {[%emt 0:03:46] [#]} Nxd2 ({Better is} 21... Nf6 $1 $17 22. Ng2 f4 23. gxf4 Qd7) 22. Bxd2 f4 23. Ng4 (23. gxf4 $1 $15 exf4 24. Ng4 Bxh4 25. Nh6+ Kg7 26. Nxf7 Qxf7 27. Qf3) 23... Bd5+ 24. Kh2 {[%emt 0:06:08] [#]} fxg3+ (24... Bd6 $1 $17 25. gxf4 Qd8) 25. fxg3 Bxh4 26. Nxe5 Bxg3+ 27. Kxg3 Rae8 28. Bf4 g5 {[%emt 0:04:05] [#]} (28... Rf5 $1 $11 {keeps the balance.}) 29. Qg4 $1 Re7 (29... h6 $16 {is a better defense.} 30. Nd3 Rxe1 31. Rxe1 (31. Bxc7 Rxa1 32. Qe2 Rf3+ 33. Qxf3 Bxf3 $11) 31... Qc8) 30. Kh2 Rg7 31. Bg3 ({But not} 31. Bxg5 $2 h6 $19) 31... h5 32. Qe2 $2 (32. Qxh5 {leads to mate.} Rh7 33. Qh4 gxh4 34. Bf4 Rxf4 35. Rg1+ Rg7 36. Rg6 Qxe5 37. Rxg7+ Qxg7 38. Rg1 Rf2+ {[%mdl 64] Double Attack} 39. Kh3 Qxg1 40. Kxh4 Rh2#) (32. Qb4 $16 {is necessary to keep the advantage.} Rb8 33. Qd4) 32... h4 33. Bf2 (33. c4 $142 hxg3+ 34. Kxg3) 33... g4 34. Bxh4 Rf3 35. Kg1 Rh3 36. Nxg4 Rxh4 37. Kf2 0-1

[Event "Portugal Honour 2021"]
[Site "Fatima"]
[Date "2021.04.09"]
[Round "5.6"]
[White "Basilio, Rodrigo"]
[Black "Goncalves, Carlos"]
[Result "1-0"]
[ECO "B15"]
[WhiteElo "1849"]
[BlackElo "1600"]
[Annotator "NA"]
[PlyCount "83"]
[EventDate "2021.04.06"]
[EventType "tourn"]
[EventCountry "POR"]
[SourceTitle "playchess.com"]
[Source "ChessBase"]
[SourceQuality "1"]
[TimeControl "5400+30"]

1. e4 c6 2. d4 d5 3. Nd2 dxe4 4. Nxe4 Nf6 5. Nxf6+ exf6 6. c3 Bd6 7. Bd3 O-O 8. Ne2 Re8 9. Qc2 h5 10. Be3 Nd7 11. O-O-O Nf8 12. Ng3 h4 13. Ne4 Be6 14. Kb1 b5 15. h3 a5 16. Nd2 Bc7 17. Nf3 Qd5 18. c4 bxc4 19. Be4 Qb5 20. a4 Qa6 21. Nxh4 Rab8 22. Bd2 Rxb2+ 23. Kxb2 Qb6+ 24. Ka1 Qxd4+ 25. Bc3 Qc5 26. Rc1 Be5 27. Qa2 Rb8 28. Nf3 Rb3 29. Nxe5 Ra3 30. Nxc6 Rxa2+ 31. Kxa2 f5 32. Bf3 Qxf2+ 33. Ka1 Qc5 34. Bb2 Bd7 35. Ne5 Be6 36. Rhe1 Qb4 37. Bc6 f6 38. Nf3 Qb6 39. Nd4 Bf7 40. Bb5 Ne6 41. Nxe6 Bxe6 42. Rxe6 1-0